 Dungeon Crawl Stone Soup version 0.27.1-1-g398f81649c (webtiles) character file.

Game seed: 6322202740134808598

11114 Metae the Fighter (level 11, -12/100 HPs)
             Began as a Minotaur Fighter on Sept 16, 2021.
             Was a Priest of Elyvilon.
             Mangled by an ogre (17 damage)
             ... on level 1 of the Orcish Mines.
             The game lasted 01:00:27 (15416 turns).

Metae the Fighter (Minotaur Fighter)               Turns: 15416, Time: 01:00:27

Health: -12/100    AC: 21    Str: 25    XL:     11   Next: 45%
Magic:  0/15       EV:  6    Int:  5    God:    Elyvilon [***...]
Gold:   1734       SH: 12    Dex:  9    Spells: 10/10 levels left

rFire    + + .     SeeInvis +   C - +5 long sword "Tiguhi" {flame, Fragile Will++}
rCold    + . .     Faith    .   c - +0 kite shield
rNeg     . . .     Spirit   +   P - +2 plate armour
rPois    .         Reflect  .   (helmet restricted)
rElec    .         Harm     .   I - scarf {rC+ rF+}
rCorr    .         Rampage  .   N - +2 pair of gloves
Will     ++...                  F - +0 pair of boots
Stlth    ..........             y - amulet of guardian spirit
HPRegen  0.26/turn              H - ring of protection from fire
MPRegen  0.14/turn              j - ring of see invisible

@: mighty, divinely protected
A: horns 2, retaliatory headbutt
a: Renounce Religion, Lesser Healing, Heal Other, Purification, Divine
Protection


You were on level 1 of the Orcish Mines.
You worshipped Elyvilon.
Elyvilon was most pleased with you.
You visited 3 branches of the dungeon, and saw 12 of its levels.

You collected 1734 gold pieces.

Inventory:

Hand Weapons
 a - a +0 trident
 B - a +5 falchion
 C - the +5 long sword "Tiguhi" (weapon) {flame, Fragile Will++}
   (You found it on level 7 of the Dungeon)

   It burns those it strikes, dealing additional fire damage.
   Big, fiery blades are also staple armaments of hydra-hunters.
   Fragile:   It will be destroyed if unequipped.
   Will:      It greatly increases your willpower.
Missiles
 s - 42 poisoned darts (quivered)
 D - 2 atropa-tipped darts
Armour
 c - a +0 kite shield (worn)
 h - a +1 chain mail
 F - a +0 pair of boots (worn)
 I - a scarf of resistance (worn)
 N - a +2 pair of gloves (worn)
 P - a +2 plate armour (worn)
 Q - a +0 plate armour
Jewellery
 g - a +6 ring of dexterity
 j - a ring of see invisible (right hand)
 q - a ring of resist corrosion
 y - an amulet of guardian spirit (around neck)
 G - a +6 ring of dexterity
 H - a ring of protection from fire (left hand)
 K - a ring of protection from cold
 M - a +6 ring of dexterity
Wands
 A - a wand of flame (15)
 L - a wand of polymorph (10)
Scrolls
 d - 3 scrolls of teleportation
 f - 2 scrolls of immolation
 i - 4 scrolls of vulnerability
 l - 3 scrolls of fear
 m - 2 scrolls of amnesia
 u - 2 scrolls of noise
 x - a scroll of fog
 E - a scroll of enchant weapon {unknown}
Potions
 e - a potion of berserk rage {unknown}
 n - 3 potions of magic
 o - 3 potions of curing
 p - a potion of attraction {unknown}
 r - 2 potions of brilliance {unknown}
 t - 3 potions of resistance
 v - a potion of degeneration {unknown}
 w - 3 potions of lignification {unknown}
 z - a potion of mutation {unknown}
 J - a potion of heal wounds


   Skills:
 + Level 10.3 Fighting
 + Level 5.8 Long Blades
 - Level 7.8 Polearms
 + Level 10.2 Armour
 + Level 10.2 Shields
 + Level 7.2 Invocations
 + Level 4.4 Evocations


You had 10 spell levels left.
You didn't know any spells.
Your spell library contained the following spells:

 Spells                   Type           Power      Damage    Failure   Level
 Foxfire                  Conj/Fire      0%         2x1d4     100%        1
 Magic Dart               Conj           0%         1d3       100%        1
 Call Imp                 Summ           0%         N/A       100%        2
 Slow                     Hex            0%         N/A       100%        2
 Confusing Touch          Hex            0%         N/A       100%        3
 Conjure Flame            Conj/Fire      0%         6-21      100%        3
 Dazzling Flash           Conj/Hex       0%         N/A       100%        3
 Inner Flame              Hex/Fire       0%         N/A       100%        3
 Mephitic Cloud           Conj/Pois/Air  0%         N/A       100%        3
 Agony                    Necr           0%         N/A       100%        5
 Silence                  Hex/Air        0%         N/A       100%        5
 Yara's Violent Unravell  Hex/Tmut       0%         3d3       100%        5


Dungeon Overview and Level Annotations

Branches:
Dungeon (9/15)             Temple (1/1) D:4             Orc (2/2) D:9
   Lair: D:8-11         Elf: Orc:2

Altars:
Ashenzari
Cheibriados
Dithmenos
Elyvilon
Fedhas
Gozag
Hepliaklqana
Kikubaaqudgha
Makhleb
Nemelex Xobeh
Qazlal
Ru
Trog
Uskayaw
Vehumet
Wu Jian
Xom
Yredelemnul
Zin
The Shining One
Beogh

Annotations:
Orc:2 Saint Roka


Innate Abilities, Weirdness & Mutations

You have a pair of horns on your head.
You reflexively headbutt those who attack you in melee.


Message History

Okay, then.
Okay, then.
Nothing ails you!
You barely miss the ogre mage. You block the ogre's attack.
The ogre mage gestures at the ogre while chanting.
The ogre seems to speed up.
You block the ogre's attack. You block the two-headed ogre's attack.
The two-headed ogre hits you with a +0 dire flail.
The ogre mage hits you but does no damage.
You slash the ogre mage! You burn the ogre mage.
The ogre mage is moderately wounded.
The ogre hits you with a +0 giant club! x2
The two-headed ogre hits you with a +0 giant club!
The two-headed ogre hits you but does no damage.
The ogre mage gestures wildly while chanting.
The ogre mage flickers and vanishes for a moment.
You block the ogre's attack.
You feel very mighty all of a sudden. You block the ogre's attack.
The ogre hits you with a +0 giant club! The ogre mage hits you with a +0 flail.
You are healed.
The two-headed ogre hits you but does no damage.
The two-headed ogre hits you with a +0 dire flail.
The ogre barely misses you. You furiously retaliate!
You headbutt the ogre! The ogre hits you but does no damage.
The ogre mage hits you with a +0 flail.
You hit the ogre mage. You burn the ogre mage.
The ogre mage is heavily wounded.
The ogre hits you with a +0 giant club! You block the two-headed ogre's attack.
The two-headed ogre hits you with a +0 dire flail.
* * * LOW HITPOINT WARNING * * *
The ogre mage hits you with a +0 flail!
* * * LOW HITPOINT WARNING * * *
The ogre hits you with a +0 giant club!
* * * LOW HITPOINT WARNING * * *
Okay, then.
Okay, then.
Okay, then.
You beseech Elyvilon to protect your life.
The ogre hits you with a +0 giant club!!
You die...

#####.###...####
#####.##...#...##
##.#....##.......##
#.......##......#.##
##.#...............#
###....##........#########
##....#.#.....#.#.#.##.##
#........OO............#
#.......O@.....#...##.##
##.....#O.[[........###
##......)[).......##
##..........#.####
##........#####
###....#.#.#.###
####..............##
##.#....#...........#
#...#.####.......#.##


You could see a two-headed ogre, an ogre mage (invisible) and 2 ogres.

Vanquished Creatures
  A boulder beetle (D:9)
  A two-headed ogre (D:9)
  The ghost of Silentstumbler the Cleaver, a novice MiBe of Trog (D:6)
  Pikel (D:7)
  2 trolls (D:9)
  3 wyverns (D:8)
  10 yaks
  A steam dragon (D:8)
  Grum (D:9)
  2 wargs
  Menkaure (D:7)
  18 orc warriors
  A black bear (D:6)
  3 necrophages (D:6)
  An ice beast (D:6)
  4 sky beasts
  A centaur (D:4)
  2 wolves (D:9)
  4 ogres
  3 phantoms
  3 kobold brigands (D:8)
  Blork the orc (D:6)
  4 bullfrogs
  A wyvern skeleton (D:7)
  2 jellies
  14 killer bees
  5 wights
  2 howler monkeys
  A bullfrog zombie (D:6)
  2 centaur zombies
  11 orc priests
  A gnoll shaman (D:7)
  5 hounds
  3 iguanas
  8 orc wizards
  A killer bee zombie (D:7)
  A hound zombie (D:5)
  A hound skeleton (D:4)
  3 gnolls (D:7)
  5 adders
  A howler monkey skeleton (D:7)
  A shadow imp (D:8)
  2 adder skeletons (D:4)
  3 worms (D:3)
  A dart slug (D:2)
  60 orcs
  8 ball pythons
  5 endoplasms
  2 giant cockroaches (D:3)
  6 goblins
  6 hobgoblins
  4 jackals
  4 quokkas
  3 bats
  2 frilled lizards
  18 kobolds
  8 rats
  A spectral goblin (D:1)
270 creatures vanquished.

Notes
Turn   | Place    | Note
-------+----------+-------------------------------------------
     0 | D:1      | Metae the Minotaur Fighter began the quest for the Orb.
     0 | D:1      | Reached XP level 1. HP: 19/19 MP: 0/0
   233 | D:1      | Reached XP level 2. HP: 26/27 MP: 1/1
   596 | D:1      | Found a faded altar of an unknown god.
  1032 | D:2      | You fall into a shaft and drop 1 floor!
  1043 | D:3      | Reached XP level 3. HP: 19/33 MP: 2/2
  2087 | D:3      | Reached XP level 4. HP: 35/41 MP: 3/3
  2475 | D:3      | You fall into a shaft and drop 1 floor!
  2475 | D:4      | Found a staircase to the Ecumenical Temple.
  2482 | Temple   | Entered the Ecumenical Temple
  2546 | Temple   | Became a worshipper of Elyvilon the Healer
  2610 | D:4      | Found a glowing golden altar of the Shining One.
  2785 | D:4      | Noticed a centaur
  2788 | D:4      | Killed a centaur
  2789 | D:4      | Reached XP level 5. HP: 39/47 MP: 4/4
  2887 | D:4      | Found a radiant altar of Vehumet.
  3243 | D:4      | Elyvilon protects you from harm!
  3245 | D:4      | Reached skill level 5 in Fighting
  3549 | D:4      | Found a blossoming altar of Fedhas.
  3768 | D:4      | Reached skill level 5 in Shields
  3777 | D:4      | Noticed an ogre
  3787 | D:4      | Killed an ogre
  3788 | D:4      | Reached skill level 5 in Armour
  3788 | D:4      | Reached XP level 6. HP: 6/56 MP: 5/5
  4295 | D:4      | Reached * piety under Elyvilon
  4576 | D:5      | Entered Level 5 of the Dungeon
  4969 | D:4      | Reached skill level 1 in Invocations
  4969 | D:4      | Reached XP level 7. HP: 43/62 MP: 6/6
  5121 | D:5      | Noticed a yak
  5136 | D:5      | Killed a yak
  5137 | D:5      | Reached skill level 5 in Polearms
  5253 | D:5      | Noticed a yak
  5253 | D:5      | Noticed a yak
  5254 | D:5      | Noticed a yak
  5254 | D:5      | Noticed a yak
  5262 | D:5      | Noticed a yak
  5268 | D:5      | Killed a yak
  5273 | D:5      | Killed a yak
  5280 | D:5      | Killed a yak
  5281 | D:5      | Reached XP level 8. HP: 49/71 MP: 7/9
  5617 | D:6      | Found a runed translucent gate.
  5617 | D:6      | Found a runed translucent gate.
  5618 | D:6      | Found a runed translucent gate.
  5623 | D:6      | Noticed Silentstumbler's ghost (novice MiBe)
  6192 | D:6      | Reached ** piety under Elyvilon
  6193 | D:6      | Noticed Blork the orc
  6208 | D:6      | Reached XP level 9. HP: 79/79 MP: 9/11
  6421 | D:6      | Found a stormy altar of Qazlal.
  7208 | D:6      | Identified a scroll of acquirement
  7208 | D:6      | Acquired 698 gold pieces
  7790 | D:7      | Reached skill level 5 in Invocations
  8153 | D:6      | Killed Blork the orc
  8277 | D:7      | Identified the +5 long sword "Tiguhi" {flame, Fragile
                  | Will++}
  8448 | D:7      | Noticed Pikel
  8481 | D:7      | Killed Pikel
  8482 | D:7      | Reached skill level 1 in Long Blades
  8482 | D:7      | Reached skill level 1 in Evocations
  8597 | D:7      | Noticed Menkaure
  8608 | D:7      | Killed Menkaure
  8616 | D:7      | Reached XP level 10. HP: 40/90 MP: 6/13
  9350 | D:6      | Killed Silentstumbler's ghost
 10364 | D:8      | Found a burning altar of Makhleb.
 10412 | D:8      | Reached *** piety under Elyvilon
 11177 | D:9      | Found a hide-covered altar of Uskayaw.
 11417 | D:9      | Noticed a boulder beetle
 12120 | D:9      | Found a staircase to the Orcish Mines.
 12168 | D:9      | Noticed Grum
 12195 | D:9      | Killed Grum
 12423 | D:9      | Reached **** piety under Elyvilon
 12452 | D:9      | Noticed a two-headed ogre
 12460 | D:9      | Killed a two-headed ogre
 12622 | D:9      | Killed a boulder beetle
 12623 | D:9      | Reached XP level 11. HP: 76/99 MP: 11/15
 12855 | Orc:1    | Entered Level 1 of the Orcish Mines
 12882 | D:9      | Reached skill level 5 in Long Blades
 13459 | Orc:1    | Reached skill level 10 in Fighting
 13525 | D:9      | Reached skill level 10 in Armour
 13525 | D:9      | Reached skill level 10 in Shields
 14456 | Orc:2    | Entered Level 2 of the Orcish Mines
 14476 | Orc:2    | Noticed a two-headed ogre
 14476 | Orc:2    | Noticed an ogre mage
 14477 | Orc:2    | Noticed a two-headed ogre
 14480 | Orc:2    | Noticed a two-headed ogre
 14764 | Orc:2    | Noticed Saint Roka
 15408 | Orc:2    | Noticed a two-headed ogre
 15408 | Orc:2    | Noticed a two-headed ogre
 15408 | Orc:2    | Noticed a two-headed ogre
 15410 | Orc:2    | Noticed a two-headed ogre
 15415 | Orc:1    | HP: 5/100 [ogre (9)]
 15416 | Orc:1    | Mangled by an ogre

Illustrated notes

Levels and vault maps discovered:
D:1:      eino_arrival_cavern_e, layout_loops_ring,
          dreamdust_ecumenical_altar_drowned_temple, serial_bayou_crossing
D:2:      layout_loops_corners
D:3:      layout_basic, grunt_decor_one_mirror
D:4:      layout_layer_cave, general_overflow_altar,
          mainiacjoe_overflow_cross_hatched, nicolae_overflow_hidden_temple,
          minmay_temple_entry_sparse_star, chequers_arboretum
D:5:      layout_basic
D:6:      layout_basic, kennysheep_mini, ebering_ghost_rock_garden,
          minmay_misc_feat_room, uniq_blork_the_orc
D:7:      layout_loops_ring, chequers_serial_rivers_micro_d,
          minmay_misc_feat_nine_boxes, kennysheep_generic_room_12, uniq_pikel,
          uniq_menkaure
D:8:      layout_basic, kennysheep_mini_moat
D:9:      layout_loops_corners, nicolae_uskayaw_suspiria,
          minmay_orc_entry_temple_small, uniq_grum
Temple:   zaba_magenta_temple
Orc:1:    layout_caves, mines2_david
Orc:2:    st_orc_ogre_mass, layout_caves, serial_shops, nicolae_square_shop,
          uniq_donald, uniq_saint_roka

Skill      XL: |  1  2  3  4  5  6  7  8  9 10 11 |
---------------+----------------------------------+-----
Fighting       | 4 5 6 7 8 9 10 | 10.3
Armour         | 4 5 6 7 8 9 10 | 10.2
Shields        | 4 5 6 7 8 9 10 | 10.2
Polearms       | 3 4 5 6 7 |  7.8
Invocations    | 1 2 4 5 6 7 |  7.2
Long Blades    | 1 4 5 |  5.8
Evocations     | 1 3 4 |  4.4

Action                   |  1- 3 |  4- 6 |  7- 9 | 10-12 || total
-------------------------+-------+-------+-------+-------++-------
Melee: Trident           |   115 |    96 |   314 |   282 ||   807
       Headbutt          |    22 |    17 |    82 |   153 ||   274
       Long sword        |       |       |       |   235 ||   235
Invok: Lesser Healing    |       |       |     3 |     5 ||     8
       Divine Protection |       |       |     1 |     1 ||     2
       Greater Healing   |       |       |       |     2 ||     2
Evoke: Wand              |       |       |       |     7 ||     7
  Use: Potion            |       |     1 |     1 |     4 ||     6
       Scroll            |       |     5 |     6 |     3 ||    14
Armor: Scale mail        |    10 |       |       |       ||    10
       Chain mail        |    47 |    40 |   109 |   102 ||   298
       Plate armour      |       |       |       |   166 ||   166
Dodge: Dodged            |    19 |    19 |    58 |   132 ||   228
Block: Kite shield       |    64 |    62 |   180 |   397 ||   703
       Rpst.: Long sword |       |       |       |    21 ||    21
